 Dungeon Crawl Stone Soup version 0.26.0-7-g794d0892b4 (webtiles) character file.

Game seed: 7645505273658942382

53 dolemite99 the Chiller (level 3, -9/26 HPs)
             Began as a Gnoll Ice Elementalist on Jan 10, 2021.
             Killed by divine providence
             ... invoked by an orc priest
              (14 damage)
             ... on level 3 of the Dungeon.
             The game lasted 00:02:45 (2307 turns).

dolemite99 the Chiller (Gnoll Ice Elementalist)     Turns: 2307, Time: 00:02:45

Health: -9/26      AC:  3    Str: 11    XL:     3   Next: 89%
Magic:  3/9        EV: 15    Int: 17    God:
Gold:   87         SH:  0    Dex: 15    Spells: 8/12 levels left

rFire    . . .     SeeInvis .   g - +1 dagger (venom)
rCold    . . .     Faith    .   (no shield)
rNeg     . . .     Spirit   .   a - +0 robe
rPois    .         Reflect  .   (no helmet)
rElec    .         Harm     .   (no cloak)
rCorr    .         Rampage  .   m - +0 pair of gloves
Will     .....                  (no boots)
Stlth    +++.......             (no amulet)
HPRegen  0.08/turn              (no ring)
MPRegen  0.11/turn              (no ring)

@: no status effects
A: distributed training, fangs 1, strong nose
a: no special abilities


You were on level 3 of the Dungeon.
You visited 1 branch of the dungeon, and saw 3 of its levels.

You collected 87 gold pieces.

Inventory:

Hand Weapons
 c - a +0 hand axe
 g - a +1 dagger of venom (weapon)
 n - a +0 hunting sling
Missiles
 k - 66 stones
 r - 48 bolts
Armour
 a - a +0 robe (worn)
 m - a +0 pair of gloves (worn)
Jewellery
 s - a cursed ring of teleportation {unknown}
Scrolls
 b - 3 scrolls of enchant weapon {unknown}
 d - 2 scrolls of magic mapping {unknown}
 e - 3 scrolls of teleportation {unknown}
 f - 3 scrolls of remove curse {unknown}
 h - a scroll of fear {unknown}
 i - a scroll of identify {unknown}
 j - a scroll of amnesia {unknown}
Potions
 l - 2 potions of invisibility {unknown}
 o - a potion of flight {unknown}
 p - a potion of haste {unknown}
 q - a potion of curing {unknown}


   Skills:
 + Level 1.0 Fighting
 + Level 1.0 Short Blades
 + Level 1.0 Long Blades
 + Level 1.0 Axes
 + Level 1.0 Maces & Flails
 + Level 1.0 Polearms
 + Level 1.0 Staves
 + Level 1.0 Slings
 + Level 1.0 Bows
 + Level 1.0 Crossbows
 + Level 1.0 Throwing
 + Level 1.0 Armour
 + Level 4.6 Dodging
 + Level 4.2 Stealth
 + Level 1.0 Shields
 + Level 1.0 Unarmed Combat
 + Level 5.0 Spellcasting
 + Level 0.7 Conjurations
 + Level 0.7 Hexes
 + Level 0.7 Summonings
 + Level 0.7 Necromancy
 + Level 0.7 Translocations
 + Level 0.7 Transmutations
 + Level 0.7 Fire Magic
 + Level 7.1 Ice Magic
 + Level 0.7 Air Magic
 + Level 0.7 Earth Magic
 + Level 0.7 Poison Magic
 + Level 1.0 Invocations
 + Level 1.0 Evocations


You had 8 spell levels left.
You knew the following spells:

 Your Spells              Type           Power        Failure   Level
a - Freeze                Ice            100%         1%          1
b - Frozen Ramparts       Ice            56%          2%          3

Your spell library contained the following spells:

 Spells                   Type           Power        Failure   Level
 Ozocubu's Armour         Ice            28%          2%          3
 Hailstorm                Conj/Ice       17%          28%         4
 Summon Ice Beast         Ice/Summ       17%          28%         4


Dungeon Overview and Level Annotations

Branches:
Dungeon (3/15)

Altars:

Annotations:
D:3 1 transporter, SnakkuSnakku7's ghost, weakling MfDe


Innate Abilities, Weirdness & Mutations

Your experience applies equally to all skills.
You have very sharp teeth.
Your uncanny sense of smell can sniff out nearby items.


Message History

The orc priest is severely wounded.
The bat hits you but does no damage. The bat hits you.
The orc priest hits you with a +0 flail.
The orc hits you with a +0 flail.
* * * LOW HITPOINT WARNING * * *
The orc misses you.
Casting: Freeze (safe; 1% risk of failure)
Confirm with . or Enter, or press ? or * to list all spells.
Aiming: Freeze (safe; 1% risk of failure)
Press: ? - help, Shift-Dir - straight line, f/p - orc priest
Aim: an orc priest, wielding a +0 flail (severely wounded)
You freeze the orc priest.
The orc priest is almost dead.
The bat completely misses you. The bat misses you.
A hobgoblin comes into view. It is wielding a +0 club.
The orc closely misses you.
The orc priest mumbles some strange prayers to Beogh against you.
Beogh smites you!
Ouch! That really hurt!
You die...

#...#..#.
#..©#$=.©
#...#$#..
#..##.# .
#>.# .# ∆
#..# . #.b##
# ##..# #o@#
#.oo# #bo...
$..#....
........#.#
.####......#
.. .!....#
#. ..g...#


You could see 2 orc priests, 2 orcs, a hobgoblin and 2 bats.

Vanquished Creatures
  2 oozes
  A leopard gecko (D:2)
  A giant cockroach (D:1)
  3 hobgoblins
  5 jackals (D:2)
  2 quokkas (D:2)
  A ball python (D:1)
  8 bats
  4 frilled lizards
  7 goblins
  7 kobolds
  5 rats
46 creatures vanquished.

Notes
Turn   | Place    | Note
-------+----------+-------------------------------------------
     0 | D:1      | dolemite99 the Gnoll Ice Elementalist began the quest for
                  | the Orb.
     0 | D:1      | Reached XP level 1. HP: 13/13 MP: 6/6
   722 | D:1      | Reached XP level 2. HP: 17/19 MP: 7/7
  1612 | D:2      | Reached XP level 3. HP: 25/25 MP: 9/9
  1685 | D:2      | Reached skill level 5 in Spellcasting
  1923 | D:2      | Reached skill level 1 in Invocations
  2145 | D:2      | Learned a level 3 spell: Frozen Ramparts
  2277 | D:3      | Reached skill level 1 in Fighting
  2277 | D:3      | Reached skill level 1 in Short Blades
  2277 | D:3      | Reached skill level 1 in Long Blades
  2277 | D:3      | Reached skill level 1 in Axes
  2277 | D:3      | Reached skill level 1 in Maces & Flails
  2277 | D:3      | Reached skill level 1 in Polearms
  2277 | D:3      | Reached skill level 1 in Staves
  2277 | D:3      | Reached skill level 1 in Slings
  2277 | D:3      | Reached skill level 1 in Bows
  2277 | D:3      | Reached skill level 1 in Crossbows
  2277 | D:3      | Reached skill level 1 in Throwing
  2277 | D:3      | Reached skill level 1 in Armour
  2277 | D:3      | Reached skill level 1 in Shields
  2277 | D:3      | Reached skill level 1 in Unarmed Combat
  2277 | D:3      | Reached skill level 1 in Evocations
  2282 | D:3      | Found a transporter.
  2286 | D:3      | Noticed SnakkuSnakku7's ghost (weakling MfDe)
  2307 | D:3      | Killed from afar by an orc priest

Illustrated notes

Levels and vault maps discovered:
D:1:      nagdon_arrival_double_spiral, layout_loops_ring,
          minmay_misc_feat_rugged, minmay_strange_pillars, minmay_tetromino_s2
D:2:      layout_loops_cross
D:3:      layout_loops_ring, nicolae_gozag_seed_capital,
          gammafunk_ghost_stat_death, uniq_sigmund, uniq_crazy_yiuf_cottage,
          uniq_terence

Skill      XL: |  1  2  3 |
---------------+----------+-----
Spellcasting   | 5 |  5.0
Invocations    | 1 |  1.0
Fighting       | 1 |  1.0
Short Blades   | 1 |  1.0
Long Blades    | 1 |  1.0
Axes           | 1 |  1.0
Maces & Flails | 1 |  1.0
Polearms       | 1 |  1.0
Staves         | 1 |  1.0
Slings         | 1 |  1.0
Bows           | 1 |  1.0
Crossbows      | 1 |  1.0
Throwing       | 1 |  1.0
Armour         | 1 |  1.0
Shields        | 1 |  1.0
Unarmed Combat | 1 |  1.0
Evocations     | 1 |  1.0
Dodging        | |  4.6
Stealth        | |  4.2
Conjurations   | |  0.7
Hexes          | |  0.7
Summonings     | |  0.7
Necromancy     | |  0.7
Translocations | |  0.7
Transmutations | |  0.7
Fire Magic     | |  0.7
Ice Magic      | |  7.1
Air Magic      | |  0.7
Earth Magic    | |  0.7
Poison Magic   | |  0.7

Action                   || total
-------------------------++-------
Melee: Hand axe          ||    22
       Bite              ||     6
       Dagger            ||    80
 Cast: Freeze            ||     7
 Stab: Sleeping          ||    11
Armor: Robe              ||    19
Dodge: Dodged            ||    83
